 Dungeon Crawl Stone Soup version 0.24-a0-584-g9d6b971ae4 (webtiles) character file.

Game seed: 2498421424230715065, levelgen mode: deterministic

492946 HESUNTHESUNT the Hoplite (level 24, -7/143 HPs)
             Began as a Gargoyle Fighter on Sept 4, 2019.
             Was an Initiate of the Shining One.
             Mangled by an ettin
             ... wielding a +0 dire flail
              (17 damage)
             ... while paralysed
             ... on level 1 of the Depths.
             The game lasted 03:17:51 (64044 turns).

HESUNTHESUNT the Hoplite (Gargoyle Fighter)        Turns: 64044, Time: 03:17:52

Health: -7/143     AC: 43    Str: 34    XL:     24   Next: 76%
Magic:  39/39      EV:  2    Int: 12    God:    the Shining One [......]
Gold:   5249       SH:  0    Dex: 25    Spells: 21/31 levels left

rFire    + + +     SeeInvis .   X - +7 mace of Eternal War {venom, Dex+2}
rCold    + . .     Gourm    .   E - +2 large shield {rF+}
rNeg     + + .     Faith    .   p - +2 chain mail of Youthful Indiscretion {+Blink rF++ rN+ Regen+}
rPois    ∞         Spirit   .   N - +2 helmet "Keal" {Int+3 Dex+3 Stlth-}
rElec    +         Reflect  .   K - scarf {cloud immunity}
rCorr    +         Harm     .   g - +2 pair of gloves {Dex+3}
MR       +....                  B - +1 pair of boots "Egupostrats" {rC+}
Stlth    ..........             t - amulet of rage
HPRegen  0.73/turn              J - ring of Afeikh {rCorr Str+2}
MPRegen  0.26/turn              H - ring of Nobility {rF++ MP+9 Dex+4}

@: paralysed, berserk cooldown, flying, slowed, glowing
A: big wings, iridescent scales 1, molten scales 1, thin skeletal structure 1,
agile 1, deformed body, frail 1, negative energy resistance 1, electricity
resistance, unbreathing, petrification resistance, rot immunity, AC +18
}: 3/15 runes: decaying, silver, gossamer
a: Stop Flying, Renounce Religion, Evoke Blink, Evoke Berserk Rage


You were on level 1 of the Depths.
You worshipped the Shining One.
The Shining One was noncommittal.
You were not hungry.

You visited 11 branches of the dungeon, and saw 44 of its levels.
You visited the Abyss 3 times.
You also visited: Volcano.

You collected 6187 gold pieces.
You spent 938 gold pieces at shops.

Inventory:

Hand Weapons
 o - a +9 mace of freezing
 X - the +7 mace of Eternal War (weapon) {venom, Dex+2}
   (You found it on level 3 of the Vaults)

   It poisons the flesh of those it strikes.
   It affects your dexterity (+2).
Armour
 g - a +2 pair of gloves of dexterity (worn)
 p - the +2 chain mail of Youthful Indiscretion (worn) {+Blink rF++ rN+ Regen+}
   (You acquired it on level 5 of the Vaults)

   It greatly protects you from fire.
   It protects you from negative energy.
   It lets you blink.
   It increases your rate of regeneration.
 B - the +1 pair of boots "Egupostrats" (worn) {rC+}
   (Okawaru gifted it to you on level 12 of the Dungeon)

   It protects you from cold.
 E - a +2 large shield of fire resistance (worn)
 K - a scarf of cloud immunity (worn)
 N - the +2 helmet "Keal" (worn) {Int+3 Dex+3 Stlth-}
   (You found it on level 2 of the Vaults)

   It affects your intelligence (+3).
   It affects your dexterity (+3).
   It makes you less stealthy.
 T - a +0 pair of boots of running
Jewellery
 m - the ring "Baq Yman" {Fire +Blink rN+}
   (You acquired it on level 1 of the Vaults)

   [ring of fire]

   It enhances your fire magic.
   It protects you from fire.
   It makes you vulnerable to cold.
   It protects you from negative energy.
   It lets you blink.
 t - an amulet of rage (around neck)
 H - the ring of Nobility (right hand) {rF++ MP+9 Dex+4}
   (You found it on level 5 of the Vaults)

   [ring of magical power]

   It affects your dexterity (+4).
   It greatly protects you from fire.
   It affects your magic capacity (+9).
 J - the ring of Afeikh (left hand) {rCorr Str+2}
   (You took it off an ironheart preserver on level 5 of the Vaults)

   [ring of resist corrosion]

   It affects your strength (+2).
   It provides partial protection from all sources of acid and corrosion.
 O - an uncursed ring of see invisible
 Z - an uncursed ring of positive energy
Wands
 n - a wand of digging (18)
 A - a wand of paralysis (18)
 F - a wand of polymorph (20)
 Q - a wand of acid (33)
Scrolls
 a - 2 scrolls of fear
 b - 6 scrolls of blinking
 e - 17 scrolls of teleportation
 j - 24 scrolls of identify
 l - 12 scrolls of remove curse
 q - 5 scrolls of fog
 u - 2 scrolls of holy word
 w - a scroll of summoning
 x - 9 scrolls of magic mapping
 S - a scroll of silence
 Y - 2 scrolls of enchant weapon
Potions
 c - 3 potions of invisibility
 d - 2 potions of might
 h - 3 potions of haste
 i - 4 potions of cancellation
 r - 5 potions of ambrosia
 s - 6 potions of lignification
 v - 2 potions of magic
 z - 9 potions of curing
 C - 6 potions of heal wounds
 D - 2 potions of agility
 G - 5 potions of mutation
 L - 2 potions of brilliance
 R - 5 potions of berserk rage
Comestibles
 f - 48 rations


   Skills:
 + Level 18.4 Fighting
 + Level 21.7 Maces & Flails
 + Level 15.2 Armour
 + Level 26.4 Shields
 + Level 4.4 Spellcasting
   Level 3.6 Conjurations
 - Level 2.9 Hexes
 - Level 4.3 Charms
 - Level 4.0 Necromancy
 + Level 9.3 Invocations
 - Level 3.0 Evocations


You had 21 spell levels left.
You knew the following spells:

 Your Spells              Type           Power        Failure   Level  Hunger
a - Regeneration          Chrm/Necr      ##........   32%         3    ###....
c - Swiftness             Chrm/Air       #.......     36%         2    ##.....
d - Silence               Hex/Air        #.........   100%        5    ######.

Your spell library contained the following spells:

 Spells                   Type           Power        Failure   Level  Hunger
 Animate Skeleton         Necr           N/A          12%         1    None
 Pain                     Necr           ##..         12%         1    None
 Magic Dart               Conj           ##..         14%         1    None
 Corpse Rot               Necr           N/A          17%         2    ##.....
 Confusing Touch          Hex            #.....       19%         1    None
 Searing Ray              Conj           ##....       21%         2    ##.....
 Slow                     Hex            #.......     26%         2    ##.....
 Flame Tongue             Conj/Fire      #....        28%         1    None
 Shock                    Conj/Air       #...         28%         1    None
 Sting                    Conj/Pois      #...         28%         1    None
 Vampiric Draining        Necr           ##........   34%         3    ###....
 Spectral Weapon          Hex/Chrm       ##......     36%         3    ###....
 Throw Frost              Conj/Ice       #.....       38%         2    ##.....
 Dazzling Spray           Conj/Hex       ##....       43%         3    ###....
 Confuse                  Hex            #.......     47%         3    ###....
 Apportation              Tloc           #.....       52%         1    None
 Freeze                   Ice            #...         52%         1    None
 Sandblast                Erth           #.....       52%         1    None
 Summon Butterflies       Summ           #.......     52%         1    None
 Summon Small Mammal      Summ           #...         52%         1    None
 Ozocubu's Armour         Chrm/Ice       #.......     58%         3    ###....
 Conjure Flame            Conj/Fire      #.......     63%         3    ###....
 Static Discharge         Conj/Air       #.......     63%         3    ###....
 Stone Arrow              Conj/Erth      #.....       63%         3    ###....
 Blink                    Tloc           N/A          65%         2    ##.....
 Call Imp                 Summ           #.......     65%         2    ##.....
 Passwall                 Tmut/Erth      #.......     65%         2    ##.....
 Poisonous Vapours        Pois/Air       #.....       65%         2    ##.....
 Summon Guardian Golem    Hex/Summ       #.......     67%         3    ###....
 Mephitic Cloud           Conj/Pois/Air  #.......     73%         3    ###....
 Animate Dead             Necr           N/A          75%         4    ####...
 Iskenderun's Mystic Bla  Conj           ##......     80%         4    ####...
 Fulminant Prism          Conj/Hex       ##........   83%         4    ####...
 Call Canine Familiar     Summ           #.......     87%         3    ###....
 Ignite Poison            Fire/Tmut/Pois #.......     87%         3    ###....
 Spider Form              Tmut/Pois      #.........   87%         3    ###....
 Cause Fear               Hex            #.........   87%         4    ####...
 Force Lance              Conj/Tloc      #.......     95%         4    ####...
 Throw Icicle             Conj/Ice       #.......     95%         4    ####...
 Excruciating Wounds      Chrm/Necr      ##........   96%         5    ######.
 Leda's Liquefaction      Hex/Erth       #.........   97%         4    ####...
 Agony                    Necr           ##......     97%         5    ######.
 Dispel Undead            Necr           ##......     97%         5    ######.
 Iskenderun's Battlesphe  Conj/Chrm      ##......     97%         5    ######.
 Bolt of Draining         Conj/Necr      ##........   98%         5    ######.
 Airstrike                Air            #.........   99%         4    ####...
 Passage of Golubria      Tloc           N/A          99%         4    ####...
 Petrify                  Tmut/Erth      #.......     99%         4    ####...
 Summon Ice Beast         Ice/Summ       #.......     99%         4    ####...
 Summon Lightning Spire   Summ/Air       #.......     99%         4    ####...
 Alistair's Intoxication  Tmut/Pois      #.......     100%        5    ######.
 Bolt of Magma            Conj/Fire/Erth #.........   100%        5    ######.
 Irradiate                Conj/Tmut      #.........   100%        5    ######.
 Lee's Rapid Deconstruct  Erth           #.........   100%        5    ######.
 Lightning Bolt           Conj/Air       #.........   100%        5    ######.
 Venom Bolt               Conj/Pois      #.........   100%        5    ######.
 Yara's Violent Unravell  Hex/Tmut       #.........   100%        5    ######.
 Bolt of Cold             Conj/Ice       #.........   100%        6    #######
 Bolt of Fire             Conj/Fire      #.........   100%        6    #######
 Conjure Ball Lightning   Conj/Air       #.........   100%        6    #######
 Deflect Missiles         Chrm/Air       #.........   100%        6    #######
 Freezing Cloud           Conj/Ice/Air   #.........   100%        6    #######
 Hydra Form               Tmut           #.........   100%        6    #######
 Iron Shot                Conj/Erth      #.........   100%        6    #######
 Dragon Form              Tmut           #.........   100%        7    #######
 Orb of Destruction       Conj           ##........   100%        7    #######
 Spellforged Servitor     Conj/Summ      #.........   100%        7    #######
 Discord                  Hex            #.........   100%        8    #######
 Dragon's Call            Summ           #.........   100%        9    #######
 Tornado                  Air            #.........   100%        9    #######
 Sublimation of Blood     Necr           Unusable     N/A         2    N/A
 Statue Form              Tmut/Erth      Unusable     N/A         6    N/A

Dungeon Overview and Level Annotations

Branches:
Dungeon (15/15)            Temple (1/1) D:5            Lair (6/6) D:11
  Swamp (4/4) Lair:2       Spider (4/4) Lair:2        Slime (2/5) Lair:6
    Orc (2/2) D:10            Elf (3/3) Orc:2        Vaults (5/5) D:13
  Crypt (1/3) Vaults:3     Depths (1/5) D:15        Volcano (visited)

Altars:
Ashenzari
Cheibriados
Dithmenos
Elyvilon
Fedhas
Gozag
Hepliaklqana
Kikubaaqudgha
Makhleb
Nemelex Xobeh
Okawaru
Qazlal
Ru
Sif Muna
Trog
Uskayaw
Vehumet
Wu Jian
Xom
Yredelemnul
Zin
The Shining One
Beogh

Shops:
D:4 =   D:9 [   D:14 *   Orc:2 *((:%   Elf:1 [?}   Vaults:1 (   Vaults:5 (

Annotations:
D:14 2 transporters, SlightEye's ghost, journeyman FoFi
Lair:5 Sonja


Innate Abilities, Weirdness & Mutations

You are resistant to torment.
Your stone body is resilient. (AC +18)
You are immune to poison.
Your large and strong wings let you fly indefinitely.
You resist negative energy. (rN+)
You are resistant to electric shocks. (rElec)
You can survive without breathing.
You are immune to petrification.
You are immune to rotting.
You are partially covered in iridescent scales. (AC +2)
You are partially covered in molten scales. (AC +2)
You have a somewhat thin skeletal structure. (Dex +2, Stealth)
You are agile. (Dex +2)
Armour fits poorly on your strangely shaped body.
You are frail. (-10% HP)


Message History

Unknown command.
You bludgeon the stone giant zombie!!
You destroy the stone giant zombie!
The Shining One accepts your kill. You block the stone giant's attack.
You block the ettin's attack. The ettin barely misses you.
Unknown command.
You block the ettin's attack. x2; You block the tengu warrior's attack.
The tengu warrior pecks you but does no damage.
You block the tengu warrior's attack. The titan skeleton hits you.
* * * LOW HITPOINT WARNING * * *
There is a staircase back to the Dungeon, spattered with blood here.
Things that are here:
a +0 dagger; a +0 robe You feel a strong urge to attack something.
You are no longer berserk.
You pass out from exhaustion.
You feel yourself slow down. The ettin hits you but does no damage.
The ettin hits you with a +2 dire flail of protection!
You die...

..##... ...
#.....##...
##........#
####.......$.#.
#...?).........
#...........).#
#....)ZC.......
#....CZ@Z.....#
##.####QC.%...#
###.#.... ##
... .


You could see a stone giant, 2 ettins, a tengu warrior, an ettin simulacrum, a
titan skeleton and a juggernaut skeleton.

Vanquished Creatures
  Dissolution (Slime:1)
  Mara (Swamp:3)
  An ancient lich (Vaults:4)
  Sojobo (Crypt:1)
  Bai Suzhen (Vaults:3)
  3 golden dragons
  Arachne (Spider:2)
  4 tentacled monstrosities
  Rupert (D:12)
  2 deep elf blademasters (Elf:3)
  2 liches
  2 acid blobs
  A titan (Vaults:5)
  2 deep elf master archers (Elf:3)
  6 tentacled starspawn
  A sphinx (Vaults:5)
  An Executioner (Abyss:3)
  3 thorn hunters
  Kirke (Swamp:3)
  2 storm dragons (Vaults:4)
  6 shadow dragons
  5 tengu reavers
  An azure jelly (Slime:1)
  A revenant (Crypt:1)
  2 fire giants
  An iron dragon (Elf:2)
  10 emperor scorpions
  3 deep elf sorcerers
  An orc warlord (Orc:2)
  6 frost giants
  3 ghost moths (Spider:4)
  Aizul (Spider:4)
  4 deep elf elementalists (Elf:3)
  13 ironheart preservers
  10 vault wardens
  2 curse skulls
  A very ugly thing (Abyss:1)
  An entropy weaver (shapeshifter) (Vaults:5)
  8 deep elf demonologists
  An entropy weaver (Spider:1)
  19 stone giants
  4 vampire knights
  The ghost of loom the Grappler, a journeyman TrBe of Trog (Lair:3)
  3 spark wasps
  12 deep elf annihilators
  2 eidola
  7 deep elf death magi
  The ghost of Dyst the Fighter, a journeyman GrFi of Okawaru (Lair:3)
  An ettin (shapeshifter) (Vaults:5)
  3 ettins
  6 jiangshi
  4 fire dragons
  Erolcha (D:11)
  4 deep elf high priests
  Harold (D:8)
  Josephine (D:15)
  2 great orbs of eyes
  4 yaktaur captains
  2 rakshasas
  Fannar (Lair:1)
  An ice dragon (Vaults:4)
  3 ghost crabs
  30 vault guards
  A naga warrior (D:14)
  Erica (Lair:1)
  20 hydras
  8 alligators
  A catoblepas (Elf:2)
  9 death knights
  31 two-headed ogres
  11 centaur warriors
  8 ogre magi
  A queen ant (shapeshifter) (Vaults:5)
  3 deep troll earth magi
  23 dancing weapons
  A death yak (D:11)
  A thrashing horror (Abyss:3)
  A naga sharpshooter (D:14)
  2 deep troll shamans
  2 vampire magi
  A tengu warrior (D:13)
  2 soul eaters
  7 spriggans
  7 orc high priests
  21 deep elf knights
  A hell knight (Volcano)
  6 skeletal warriors
  A salamander mystic (Volcano)
  3 wretched stars (Abyss:3)
  A storm dragon skeleton (Crypt:1)
  A spark wasp zombie (Depths:1)
  2 spatial maelstroms (Abyss:2)
  14 swamp dragons
  4 shadow wraiths
  A spriggan druid (Swamp:3)
  A glowing orange brain (shapeshifter) (Vaults:5)
  2 wizards
  A flayed ghost (Vaults:5)
  12 large abominations
  17 deep trolls
  A naga ritualist (D:14)
  2 unseen horrors (D:14)
  8 phantasmal warriors
  12 deep elf archers
  4 harpies (Vaults:3)
  6 necromancers
  8 ironbrand convokers
  3 lindwurms (Swamp:4)
  8 orc knights
  An orb spider (shapeshifter) (Vaults:1)
  34 wolf spiders
  16 orb spiders
  82 deep elf magi
  An iron dragon zombie (Crypt:1)
  49 ugly things
  5 orc sorcerers
  2 shadow dragon skeletons
  6 salamanders (Volcano)
  A stone giant zombie (Depths:1)
  4 cyclopes
  A fire giant zombie (Vaults:3)
  3 oklob plants
  4 moths of wrath
  A worldbinder (Abyss:3)
  Joseph (Lair:1)
  8 black mambas
  A sphinx skeleton (Vaults:4)
  A naga mage (D:15)
  4 gargoyles
  14 vault sentinels
  2 guardian serpents
  Psyche (D:8)
  2 smoke demons
  2 centaur skeletons (D:15)
  A human zombie (Vaults:3)
  3 torpor snails
  22 spiny frogs
  A rime drake (Lair:6)
  30 yaktaurs
  3 ancient zymes
  2 tengu conjurers
  13 demonic crawlers
  2 ice devils (D:12)
  A human skeleton (Vaults:4)
  4 freezing wraiths
  An efreet (Abyss:2)
  8 komodo dragons
  A golden dragon simulacrum (Vaults:4)
  A white draconian skeleton (Crypt:1)
  An anaconda simulacrum (Crypt:1)
  8 trolls
  47 jumping spiders
  A troll (shapeshifter) (Vaults:1)
  3 meliai (D:15)
  4 polar bears
  A wolf spider simulacrum (D:15)
  17 hornets
  12 tyrant leeches
  A hydra skeleton (Crypt:1)
  24 blink frogs
  47 slime creatures
  11 raiju
  6 bog bodies
  11 dream sheep (Lair:6)
  A blink frog (shapeshifter) (Elf:3)
  11 hippogriffs
  A human simulacrum (Vaults:4)
  An ice dragon zombie (Crypt:1)
  An air elemental (Elf:2)
  6 flying skulls
  A centaur simulacrum (D:15)
  2 shadows
  Sigmund (D:6)
  34 tarantellas
  3 water elementals
  2 vampires
  84 redbacks
  A redback (shapeshifter) (Vaults:5)
  A fire elemental (Elf:1)
  13 wyverns
  17 humans
  3 fire bats (Abyss:2)
  43 yaks
  10 wraiths
  Eustachio (D:4)
  3 hogs (Swamp:3)
  3 hungry ghosts
  4 neqoxecs
  3 basilisks
  A yaktaur simulacrum (Vaults:3)
  8 vampire mosquitoes
  A swamp worm (shapeshifter) (Vaults:4)
  A glowing shapeshifter zombie (Crypt:1)
  A merfolk zombie (Crypt:1)
  5 wargs
  17 insubstantial wisps
  A naga (D:14)
  17 swamp worms
  An acid dragon (D:12)
  27 water moccasins
  7 porcupines
  3 sky beasts
  14 swamp drakes
  2 black bears
  An elephant zombie (Crypt:1)
  8 ice beasts
  46 orc warriors
  A swamp drake (shapeshifter) (Vaults:5)
  2 eyes of draining
  A necrophage (D:10)
  An eye of draining (shapeshifter) (Vaults:4)
  26 ogres
  2 phantoms
  2 boggarts (Vaults:1)
  36 centaurs
  An ettin simulacrum (Vaults:3)
  20 wolves
  A dream sheep skeleton (Crypt:1)
  11 crocodiles
  2 big kobolds
  Blork the orc (D:5)
  25 bullfrogs
  4 earth elementals
  32 scorpions
  20 killer bees
  A spriggan skeleton (Crypt:1)
  13 wights
  A howler monkey (D:4)
  7 jellies
  7 electric eels
  10 crimson imps
  2 bullfrog zombies
  A quasit (D:12)
  5 centaur zombies
  3 bullfrog skeletons
  5 hounds
  35 orc wizards
  31 orc priests
  A jelly (shapeshifter) (Vaults:4)
  5 iguanas
  Jessica (D:2)
  Ijyb (D:4)
  6 worker ants
  9 small abominations
  A killer bee zombie (D:7)
  2 naga zombies (Crypt:1)
  A bullfrog simulacrum (D:12)
  An acid dragon zombie (Crypt:1)
  A dwarf skeleton (Crypt:1)
  A hound zombie (D:11)
  3 hound skeletons
  A worker ant zombie (D:4)
  4 gnolls (D:8)
  A howler monkey skeleton (D:6)
  10 adders
  2 shadow imps
  7 white imps
  An ufetubus (D:12)
  3 oozes
  An adder zombie (D:5)
  An adder skeleton (D:4)
  2 worms
  5 dart slugs
  3 leopard geckos
  112 orcs
  5 giant cockroaches
  5 goblins
  8 hobgoblins
  13 jackals
  16 kobolds
  3 quokkas
  A ball python (D:4)
  7 bats
  3 frilled lizards
  A jackal skeleton (D:3)
  A jackal zombie (D:8)
  A quokka skeleton (D:4)
  A rat (D:2)
  A crawling corpse (Elf:3)
  A fungus (Lair:6)
  A plant (Lair:2)
  3 starspawn tentacles (Abyss:3)
2021 creatures vanquished.

Vanquished Creatures (others)
  A stone giant (Vaults:5)
  2 yaktaur captains (Vaults:5)
  A shadow wraith (Vaults:5)
  An orb spider (Abyss:3)
  3 deep elf magi
  3 yaktaurs (Vaults:5)
  A spriggan (shapeshifter) (Vaults:5)
  2 humans (Swamp:4)
  A swamp worm (Swamp:4)
  2 insubstantial wisps (Swamp:4)
  An ogre (Vaults:5)
  A boggart (Vaults:1)
  A small abomination (Abyss:3)
  An orc wizard (Orc:2)
  2 bushes (Lair:6)
  A crawling corpse (Elf:3)
  47 fungi
  42 plants
  13 starspawn tentacles
126 creatures vanquished.

Grand Total: 2147 creatures vanquished

Notes
Turn   | Place    | Note
-------+----------+-------------------------------------------
     0 | D:1      | HESUNTHESUNT the Gargoyle Fighter began the quest for the
                  | Orb.
     0 | D:1      | Reached XP level 1. HP: 14/14 MP: 1/1
   125 | D:1      | Reached XP level 2. HP: 19/19 MP: 2/2
   287 | D:1      | You fall into a shaft and drop 1 floor!
   331 | D:2      | Reached XP level 3. HP: 19/23 MP: 3/3
   737 | D:2      | Reached XP level 4. HP: 22/28 MP: 4/4
  1302 | D:2      | Noticed Jessica
  1330 | D:2      | Killed Jessica
  1330 | D:2      | Reached XP level 5. HP: 23/33 MP: 5/5
  1495 | D:3      | Reached skill level 4 in Shields
  1615 | D:3      | Found a bloodstained altar of Trog.
  2122 | D:3      | Reached XP level 6. HP: 28/38 MP: 6/6
  2383 | D:4      | Noticed Ijyb
  2474 | D:3      | Gained mutation: Your muscles are strong. (Str +2) [potion
                  | of mutation]
  2474 | D:3      | Gained mutation: You are partially covered in iridescent
                  | scales. (AC +2) [potion of mutation]
  2474 | D:3      | Gained mutation: Your muscles are very strong. (Str +4)
                  | [potion of mutation]
  2478 | D:3      | Reached skill level 5 in Maces & Flails
  2775 | D:4      | Found Vesen's Jewellery Boutique.
  2793 | D:4      | Bought an uncursed ring of see invisible for 195 gold
                  | pieces
  2846 | D:4      | Reached XP level 7. HP: 43/43 MP: 7/7
  2914 | D:4      | Noticed Eustachio
  2940 | D:4      | Killed Eustachio
  3139 | D:4      | Killed Ijyb
  3139 | D:4      | Reached skill level 5 in Shields
  3328 | D:5      | Entered Level 5 of the Dungeon
  3338 | D:5      | Found a shadowy altar of Dithmenos.
  3506 | D:5      | Reached XP level 8. HP: 39/48 MP: 8/8
  3512 | D:5      | Learned a level 3 spell: Regeneration
  3632 | D:5      | Noticed Blork the orc
  3643 | D:5      | Killed Blork the orc
  3687 | D:5      | Found a staircase to the Ecumenical Temple.
  3693 | D:5      | Reached skill level 5 in Armour
  3703 | Temple   | Entered the Ecumenical Temple
  3778 | Temple   | Became a worshipper of Warmaster Okawaru
  4257 | D:6      | Noticed Sigmund
  4267 | D:6      | Killed Sigmund
  4353 | D:6      | Reached skill level 6 in Shields
  4360 | D:6      | Reached * piety under Okawaru
  4432 | D:6      | Reached skill level 5 in Fighting
  4436 | D:6      | Reached XP level 9. HP: 28/54 MP: 9/9
  5033 | D:7      | Reached skill level 7 in Shields
  5634 | D:8      | Reached ** piety under Okawaru
  5777 | D:8      | Reached skill level 8 in Shields
  5995 | D:8      | Reached *** piety under Okawaru
  6018 | D:8      | Reached XP level 10. HP: 60/60 MP: 10/10
  6042 | D:8      | Noticed Psyche
  6053 | D:8      | Killed Psyche
  6059 | D:8      | Noticed Harold
  6085 | D:8      | Killed Harold
  6085 | D:8      | Received a gift from Okawaru
  6085 | D:8      | Reached skill level 10 in Maces & Flails
  6085 | D:8      | Reached skill level 9 in Shields
  6219 | D:9      | Found Duan's Antique Armour Shoppe.
  6575 | D:9      | Bought a pair of glowing boots for 217 gold pieces
  6854 | D:10     | Entered Level 10 of the Dungeon
  6856 | D:10     | Noticed a two-headed ogre
  6874 | D:10     | Killed a two-headed ogre
  6874 | D:10     | Reached **** piety under Okawaru
  6874 | D:10     | Reached skill level 10 in Shields
  7191 | D:10     | Reached XP level 11. HP: 60/67 MP: 11/11
  7521 | D:10     | Found a staircase to the Orcish Mines.
  7647 | D:11     | Noticed a red ugly thing
  7650 | D:11     | Noticed a purple ugly thing
  7660 | D:11     | Killed a red ugly thing
  7660 | D:11     | Reached ***** piety under Okawaru
  7667 | D:11     | Killed a purple ugly thing
  7696 | D:11     | Noticed a brown ugly thing
  7867 | Orc:1    | Entered Level 1 of the Orcish Mines
  7878 | Orc:1    | Noticed a stone giant
  7977 | D:10     | Reached skill level 1 in Evocations
  8031 | D:11     | Reached skill level 11 in Shields
  8128 | D:11     | Noticed a two-headed ogre
  8134 | D:11     | Reached skill level 1 in Invocations
  8141 | D:11     | Killed a two-headed ogre
  8194 | D:11     | You fall into a shaft and drop 1 floor!
  8199 | D:12     | Noticed a green ugly thing
  8213 | D:12     | Killed a green ugly thing
  8213 | D:12     | Received a gift from Okawaru
  8216 | D:12     | Got a pair of translucent boots {god gift}
  8228 | D:12     | Identified the +1 pair of boots "Egupostrats" {rC+}
                  | (Okawaru gifted it to you on level 12 of the Dungeon)
  8244 | D:12     | Noticed a two-headed ogre
  8251 | D:12     | Killed a two-headed ogre
  8274 | D:12     | Noticed a skeletal warrior
  8279 | D:12     | Noticed a death knight
  8287 | D:12     | Noticed a death knight
  8311 | D:12     | Noticed a death yak
  8312 | D:12     | Noticed Erolcha
  8674 | D:11     | Identified the +8 dagger "Weuvamo" {distort, rC+ Dex+4}
  8736 | D:11     | Killed a death yak
  8736 | D:11     | Reached XP level 12. HP: 72/74 MP: 13/13
  8784 | D:11     | Killed Erolcha
  8784 | D:11     | Reached skill level 12 in Shields
  9211 | D:9      | Bought a glowing scarf for 232 gold pieces
  9305 | D:11     | Found a staircase to the Lair.
  9370 | D:11     | Found a shimmering altar of Xom.
  9370 | D:11     | Found a shimmering altar of Xom.
  9371 | D:11     | Found a shimmering altar of Xom.
  9371 | D:11     | Found a shimmering altar of Xom.
  9372 | D:11     | Found a shimmering altar of Xom.
  9372 | D:11     | Found a shimmering altar of Xom.
  9372 | D:11     | Found a shimmering altar of Xom.
  9603 | D:12     | Noticed a death knight
  9631 | Lair:1   | Entered Level 1 of the Lair of Beasts
  9722 | Lair:1   | Noticed a six-headed hydra
  9727 | Lair:1   | Noticed Fannar
  9727 | Lair:1   | Noticed Joseph
  9761 | D:11     | Killed a six-headed hydra
  9956 | Lair:1   | Killed Joseph
  9968 | Lair:1   | Killed Fannar
 10158 | Lair:1   | Noticed Erica
 10177 | Lair:1   | Killed Erica
 10922 | Lair:2   | Reached skill level 13 in Shields
 11029 | Lair:2   | Found a hole to the Spider Nest.
 11111 | Lair:2   | Received a gift from Okawaru
 11124 | Lair:2   | Found a staircase to the Swamp.
 11314 | Lair:2   | Reached XP level 13. HP: 64/80 MP: 12/14
 11601 | Spider:1 | Entered Level 1 of the Spider Nest
 11909 | Swamp:1  | Entered Level 1 of the Swamp
 12577 | Lair:3   | Received a gift from Okawaru
 12832 | Lair:3   | Found a runed translucent gate.
 12832 | Lair:3   | Found a runed translucent gate.
 12833 | Lair:3   | Found a runed translucent gate.
 12834 | Lair:3   | Noticed loom's ghost (journeyman TrBe)
 12835 | Lair:3   | Noticed Dyst's ghost (journeyman GrFi)
 13178 | Lair:4   | Reached skill level 10 in Fighting
 13194 | Lair:4   | Reached skill level 14 in Shields
 13334 | Lair:4   | Received a gift from Okawaru
 13459 | Lair:4   | Found a dark tunnel.
 13506 | Volcano  | Entered a volcano
 13629 | Volcano  | Found a radiant altar of Vehumet.
 14182 | Lair:4   | Reached skill level 10 in Armour
 14315 | Lair:4   | Gained mutation: Your large and strong wings let you fly
                  | indefinitely. [Gargoyle growth]
 14315 | Lair:4   | Reached XP level 14. HP: 65/88 MP: 13/16
 15190 | Lair:5   | Noticed Sonja
 15206 | Lair:5   | Received a gift from Okawaru
 15385 | Lair:5   | Got a twisted chain mail
 15398 | Lair:5   | Identified the +1 chain mail of Zarrube {rCorr Str+2} (You
                  | found it on level 5 of the Lair of Beasts)
 15580 | Lair:5   | Cast into level 1 of the Abyss (Sonja)
 15613 | Abyss:1  | Noticed a white very ugly thing
 15628 | Abyss:1  | Killed a white very ugly thing
 15706 | Abyss:1  | Noticed a black draconian
 15831 | Abyss:1  | Noticed a tentacled starspawn
 15849 | Abyss:1  | Killed a tentacled starspawn
 15849 | Abyss:1  | Reached skill level 15 in Shields
 15877 | Abyss:1  | HP: 2/88 [large abomination (21)]
 15915 | Abyss:1  | Noticed a tentacled starspawn
 15951 | Abyss:1  | Killed a tentacled starspawn
 15957 | Abyss:1  | Reached skill level 15 in Maces & Flails
 15962 | Lair:5   | Escaped the Abyss
 16277 | Lair:5   | Cast into level 2 of the Abyss (Sonja)
 16283 | Abyss:2  | Found a shadowy altar of Dithmenos.
 16360 | Abyss:2  | Noticed a tentacled starspawn
 16370 | Abyss:2  | Killed a tentacled starspawn
 16500 | Abyss:2  | Noticed a starcursed mass
 16532 | Abyss:2  | Noticed a starcursed mass
 16536 | Abyss:2  | Noticed a starcursed mass
 16536 | Abyss:2  | Paralysed by accursed screaming for 1 turns
 16547 | Abyss:2  | Noticed a bone dragon
 16677 | Abyss:2  | Noticed a bone dragon
 16680 | Abyss:2  | Noticed a tentacled starspawn
 16742 | Abyss:2  | Noticed a starcursed mass
 16781 | Lair:5   | Escaped the Abyss
 17053 | Lair:6   | Entered Level 6 of the Lair of Beasts
 17111 | Lair:6   | Found a staircase to the Slime Pits.
 18131 | Lair:6   | Reached XP level 15. HP: 82/95 MP: 18/18
 18777 | Lair:6   | Reached skill level 5 in Invocations
 18801 | Lair:6   | Received a gift from Okawaru
 19326 | Lair:3   | Killed Dyst's ghost
 19326 | Lair:3   | Reached skill level 16 in Shields
 19341 | Lair:3   | Killed loom's ghost
 19461 | Slime:1  | Entered Level 1 of the Pits of Slime
 19461 | Slime:1  | Noticed an azure jelly
 20869 | Orc:2    | Entered Level 2 of the Orcish Mines
 20921 | Orc:2    | Gained mutation: You are mostly covered in iridescent
                  | scales. (AC +4) [a neqoxec]
 20931 | Orc:2    | Gained mutation: Your body sometimes deteriorates upon
                  | taking damage. [a neqoxec]
 21178 | Orc:2    | Found a staircase to the Elven Halls.
 21370 | Orc:2    | Found Uhiuf's Food Boutique.
 21713 | Orc:2    | HP: 4/96 [orc priest/divine providence (16)]
 22559 | Orc:2    | Noticed an orc warlord
 22610 | Orc:2    | Killed an orc warlord
 22718 | Orc:2    | Found Hoak's General Store.
 22718 | Orc:2    | Found Bunkeode's Antique Weapon Boutique.
 22719 | Orc:2    | Found Dailig's Book Shop.
 22722 | Orc:2    | Found Woshreriucy's Antique Weapon Shop.
 22725 | Orc:2    | Bought a potion of heal wounds for 70 gold pieces
 22860 | Orc:1    | Found a roughly hewn altar of Beogh.
 22906 | Orc:2    | Reached XP level 16. HP: 33/101 MP: 20/20
 23867 | Elf:1    | Entered Level 1 of the Elven Halls
 24302 | Elf:1    | Found Mucwak's Antique Armour Shoppe.
 24304 | Elf:1    | Found Heen's Magic Scroll Emporium.
 24306 | Elf:1    | Found Heetym Zyud's Gadget Shoppe.
 24312 | Elf:1    | Bought a scroll of blinking for 112 gold pieces
 24312 | Elf:1    | Bought a scroll of blinking for 112 gold pieces
 24515 | Elf:1    | Reached skill level 17 in Shields
 24889 | Elf:1    | Received a gift from Okawaru
 26423 | D:12     | Received a gift from Okawaru
 27262 | D:12     | Lost mutation: Your body sometimes deteriorates upon taking
                  | damage. [potion of mutation]
 27262 | D:12     | Lost mutation: Your muscles are very strong. (Str +4)
                  | [potion of mutation]
 27262 | D:12     | Gained mutation: Armour fits poorly on your strangely
                  | shaped body. [potion of mutation]
 27262 | D:12     | Gained mutation: You are somewhat resistant to further
                  | mutation. [potion of mutation]
 27682 | D:12     | Lost mutation: Armour fits poorly on your strangely shaped
                  | body. [potion of mutation]
 27682 | D:12     | Lost mutation: You are mostly covered in iridescent scales.
                  | (AC +4) [potion of mutation]
 27682 | D:12     | Lost mutation: You are somewhat resistant to further
                  | mutation. [potion of mutation]
 27682 | D:12     | Lost mutation: Your muscles are strong. (Str +2) [potion of
                  | mutation]
 27682 | D:12     | Gained mutation: You are robust. (+10% HP) [potion of
                  | mutation]
 27682 | D:12     | Gained mutation: You are partially covered in molten
                  | scales. (AC +2) [potion of mutation]
 27682 | D:12     | Gained mutation: You have a somewhat thin skeletal
                  | structure. (Dex +2, Stealth) [potion of mutation]
 27682 | D:12     | Gained mutation: You are agile. (Dex +2) [potion of
                  | mutation]
 27844 | D:13     | Found a gate to the Vaults.
 27844 | D:13     | Noticed Rupert
 27950 | D:12     | Killed Rupert
 27962 | D:12     | Reached XP level 17. HP: 118/118 MP: 15/21
 28345 | D:13     | Reached skill level 18 in Shields
 29197 | D:14     | You are sucked into a shaft and drop 1 floor!
 29197 | D:15     | Entered Level 15 of the Dungeon
 29271 | D:15     | Noticed Josephine
 29289 | D:15     | Killed Josephine
 29597 | D:14     | Found a transporter.
 29601 | D:14     | Found a transporter.
 29606 | D:14     | Noticed SlightEye's ghost (journeyman FoFi)
 29756 | D:14     | Received a gift from Okawaru
 29759 | D:14     | Got a faintly glowing flail {god gift}
 29760 | D:14     | Identified the +1 flail of Dullness {freeze, +Fly MR+ Str+3
                  | Dex-4} (Okawaru gifted it to you on level 14 of the
                  | Dungeon)
 29798 | D:14     | Found a basalt altar of Yredelemnul.
 29815 | D:14     | Found Kocwaof's Serpentskin Sales.
 30338 | D:15     | Found a staircase to the Depths.
 32003 | Swamp:3  | Reached skill level 19 in Shields
 32074 | Swamp:1  | Reached XP level 18. HP: 55/127 MP: 20/22
 32586 | Swamp:3  | Noticed Mara
 32588 | Swamp:3  | Noticed HESUNTHESUNT's illusion
 32626 | Swamp:3  | Killed Mara
 32626 | Swamp:3  | Received a gift from Okawaru
 32814 | Swamp:4  | Entered Level 4 of the Swamp
 32814 | Swamp:4  | Noticed Kirke
 32932 | Swamp:3  | Killed Kirke
 33564 | Swamp:4  | Got a decaying rune of Zot
 34705 | Spider:1 | Reached skill level 20 in Shields
 35004 | Spider:2 | Received a gift from Okawaru
 35497 | Spider:1 | Reached XP level 19. HP: 105/134 MP: 24/24
 37909 | Spider:3 | Noticed Arachne
 37936 | Spider:2 | Reached skill level 15 in Fighting
 38429 | Spider:2 | Killed Arachne
 38729 | Spider:4 | Entered Level 4 of the Spider Nest
 39458 | Spider:4 | Noticed Aizul
 39483 | Spider:4 | Killed Aizul
 39676 | Spider:4 | Reached skill level 21 in Shields
 41274 | Spider:4 | Received a gift from Okawaru
 41305 | Spider:4 | Identified a +0 pair of boots of running (Okawaru gifted it
                  | to you on level 4 of the Spider Nest)
 41308 | Spider:4 | Got a gossamer rune of Zot
 41537 | Elf:2    | Lost mutation: You are robust. (+10% HP) [a neqoxec]
 42151 | Vaults:1 | Entered Level 1 of the Vaults
 42276 | Vaults:1 | Reached XP level 20. HP: 129/129 MP: 19/25
 42692 | Vaults:1 | Identified a scroll of acquirement
 42696 | Vaults:1 | Got a fine tin ring
 42698 | Vaults:1 | Identified the ring "Baq Yman" {Fire +Blink rN+} (You
                  | acquired it on level 1 of the Vaults)
 43025 | Vaults:1 | Found Rerikkat's Weapon Boutique.
 43740 | Vaults:1 | Reached skill level 22 in Shields
 43752 | Vaults:1 | Identified the Papyrus of the Lost Blessings
 43914 | Vaults:1 | Identified the Collected Works on Ashen Summoning
 45359 | Vaults:2 | Got a faintly glowing helmet
 45370 | Vaults:2 | Identified the +2 helmet "Keal" {Int+3 Dex+3 Stlth-} (You
                  | found it on level 2 of the Vaults)
 46536 | Vaults:3 | Received a gift from Okawaru
 46539 | Vaults:3 | Got an encrusted scale mail {god gift}
 46550 | Vaults:3 | Identified the +6 scale mail "Ysyr" {rPois Slay+3} (Okawaru
                  | gifted it to you on level 3 of the Vaults)
 46911 | Vaults:3 | Reached XP level 21. HP: 130/136 MP: 26/26
 47420 | Vaults:3 | Found a staircase to the Crypt.
 47420 | Vaults:3 | Found an ancient bone altar of Kikubaaqudgha.
 47421 | Vaults:3 | Found a basalt altar of Yredelemnul.
 47602 | Vaults:3 | Got a shimmering mace
 47607 | Vaults:3 | Identified the +7 mace of Eternal War {venom, Dex+2} (You
                  | found it on level 3 of the Vaults)
 47894 | Vaults:5 | Entered Level 5 of the Vaults
 48355 | Vaults:4 | Paralysed by an ogre mage for 2 turns
 48499 | Vaults:4 | Reached skill level 23 in Shields
 50924 | Vaults:5 | Paralysed by an ogre mage for 3 turns
 50949 | Vaults:4 | Reached skill level 1 in Necromancy
 50952 | Vaults:4 | Reached skill level 1 in Spellcasting
 51308 | Vaults:5 | Reached skill level 1 in Charms
 51354 | Vaults:4 | Received a gift from Okawaru
 51354 | Vaults:4 | Reached XP level 22. HP: 33/144 MP: 20/28
 52039 | Vaults:5 | Noticed a golden dragon
 52039 | Vaults:5 | Noticed an ancient lich
 52647 | Vaults:4 | Received a gift from Okawaru
 52856 | Vaults:4 | Killed an ancient lich
 53477 | Vaults:4 | Learned a level 3 spell: Conjure Flame
 53480 | Vaults:4 | Learned a level 2 spell: Swiftness
 53486 | Vaults:4 | Learned a level 5 spell: Silence
 53522 | Vaults:4 | Killed a golden dragon
 53538 | Vaults:5 | Reached skill level 1 in Conjurations
 54189 | Vaults:5 | Reached skill level 1 in Hexes
 54192 | Vaults:5 | Noticed a golden dragon
 54259 | Vaults:5 | Identified the +8 long sword of Dithmenos's Vengeance
                  | {venom, +Rage rElec Stlth+}
 54269 | Vaults:5 | Killed a golden dragon
 54269 | Vaults:5 | Received a gift from Okawaru
 54269 | Vaults:5 | Reached skill level 24 in Shields
 54415 | Vaults:5 | Got a crude marble ring
 54417 | Vaults:5 | Identified the ring of the Red Skies {rF+ Int+2} (You found
                  | it on level 5 of the Vaults)
 54494 | Vaults:5 | Noticed a golden dragon
 54514 | Vaults:5 | Killed a golden dragon
 55827 | Vaults:5 | Got a silver rune of Zot
 55846 | Vaults:5 | Got a distressingly furry scale mail
 55857 | Vaults:5 | Identified the cursed +0 scale mail of Qaedweadi {rF+ rC+}
                  | (You found it on level 5 of the Vaults)
 55947 | Vaults:5 | Reached XP level 23. HP: 149/149 MP: 29/29
 55980 | Vaults:5 | Identified the ring of Afeikh {rCorr Str+2}
 56837 | Vaults:5 | Identified the Volume of Confrontation
 56920 | Vaults:5 | Got a brightly glowing chain mail
 56922 | Vaults:5 | Got a bound brass ring
 56951 | Vaults:5 | Identified the +2 chain mail of Youthful Indiscretion
                  | {+Blink rF++ rN+ Regen+} (You acquired it on level 5 of the
                  | Vaults)
 56953 | Vaults:5 | Identified the ring of Nobility {rF++ MP+9 Dex+4} (You
                  | found it on level 5 of the Vaults)
 57143 | Vaults:5 | Got a scorched leather armour
 57154 | Vaults:5 | Identified the cursed +1 leather armour "Peosk" {rElec
                  | Str-2 Int+5 Dex+3} (You found it on level 5 of the Vaults)
 57226 | Vaults:5 | Found Gizydieh's Antique Weapon Shoppe.
 57414 | Crypt:1  | Entered Level 1 of the Crypt
 57431 | Crypt:1  | Noticed Bai Suzhen
 57654 | Vaults:3 | Killed Bai Suzhen
 57654 | Vaults:3 | Received a gift from Okawaru
 57696 | Crypt:1  | Found a basalt altar of Yredelemnul.
 58255 | Crypt:1  | Noticed Sojobo
 58296 | Crypt:1  | Killed Sojobo
 58685 | Crypt:1  | Paralysed by something for 4 turns
 59233 | Elf:2    | Found a runed translucent gate.
 59233 | Elf:2    | Found a runed translucent gate.
 59243 | Elf:2    | Found a runed translucent gate.
 59481 | Elf:2    | Reached skill level 25 in Shields
 59509 | Elf:2    | Identified Qiaschar's Collected Works on Stones
 60513 | Elf:3    | Entered Level 3 of the Elven Halls
 60645 | Elf:3    | Reached XP level 24. HP: 157/157 MP: 29/29
 60738 | Elf:3    | Reached ****** piety under Okawaru
 60940 | Elf:3    | Identified the +5 leather armour of the Turtledove {rElec}
 60984 | Elf:3    | Received a gift from Okawaru
 61575 | Elf:3    | Identified the +4 dagger of Hufacve {freeze, *Drain rElec
                  | rPois}
 61579 | Elf:3    | Cast into level 3 of the Abyss (a deep elf sorcerer)
 61698 | Abyss:3  | Received a gift from Okawaru
 61951 | Abyss:3  | Found a corrupted altar of Lugonu.
 62010 | Abyss:3  | Reached skill level 15 in Armour
 62015 | Abyss:3  | Got an ancient plate armour
 62023 | Elf:3    | Escaped the Abyss
 62075 | Elf:3    | Reached skill level 26 in Shields
 62107 | Elf:3    | Identified the +6 plate armour of the Maze {rElec Dex+2}
                  | (You found it on level 3 of the Abyss)
 62487 | Elf:3    | Found the +6 lightning scales {run, rElec}
 62675 | Elf:3    | Identified the Tome of Execration and Arcane Weapons
 62694 | Elf:3    | Identified Nide's Compendium of the Creative Glacier
 62711 | Elf:3    | Identified the Guide on Hexes and Dislocation
 63442 | Slime:2  | Noticed Dissolution
 63455 | Slime:1  | Gained mutation: Armour fits poorly on your strangely
                  | shaped body. [a shining eye]
 63462 | Slime:1  | Gained mutation: You are frail. (-10% HP) [a shining eye]
 63479 | Slime:1  | Killed Dissolution
 63751 | Temple   | Fell from the grace of Okawaru
 63751 | Temple   | Became a worshipper of the Shining One
 63988 | Depths:1 | Entered Level 1 of the Depths
 64044 | Depths:1 | Mangled by an ettin

Levels and vault maps discovered:
D:1:      scummos_arrival_star, layout_rooms
D:2:      minmay_razor_zed, layout_rooms, minivault_25, feat_on_display,
          uniq_jessica
D:3:      layout_loops_cross, marbit_many_paths
D:4:      layout_cave_pools, serial_shops, shop, uniq_eustachio, uniq_ijyb
D:5:      layout_gridville, minmay_temple_entry_arrows, first_ration,
          nicolae_dithmenos_the_darkroom, uniq_blork_the_orc
D:6:      layout_cave_pools, serial_column_ruins, column_ruins_hut,
          column_ruins_open_small, column_ruins_columns_straight,
          column_ruins_columns_corner, uniq_sigmund
D:7:      layout_basic
D:8:      layout_loops_ring, uniq_psyche, uniq_harold
D:9:      layout_cross, serial_shops, shop
D:10:     layout_cave_pools, orc_0_dummy, statue_in_the_mist_lemuel,
          grunt_pizzeria
D:11:     layout_cave_pools, grunt_lair_entry_orc_guard_hut, xom_shifter_show
D:12:     cheibrodos_tormentor_scu, layout_basic, serial_ice, serial_ice_e,
          serial_ice_n, serial_ice_j, serial_ice_d, serial_ice_a, serial_ice_b,
          portal_ice_cave_demonic_guard, minmay_quadrilaterals, uniq_erolcha
D:13:     layout_long_grid, david_vaults_3
D:14:     layout_roguey, gammafunk_ghost_mausoleum, yredelemnul_altar_generic,
          small_chamber_with_monster, guppyfry_shop_venom
D:15:     grunt_enter_depths_magical_seal, layout_irregular_city,
          gauntlet_entry_generic, uniq_josephine
Temple:   grunt_wide_crystal_templ
Lair:1:   layout_cave_shapes, worms_lemuel, uniq_fannar, uniq_erica, uniq_joseph
Lair:2:   layout_big_grid, minmay_swamp_entry_worms, spider_nest_entry_a,
          serial_bayou_shore_b, minmay_lair_oklob_chamber
Lair:3:   layout_regular_city, gammafunk_ghost_cemetery, grunt_megastairs_3
Lair:4:   layout_regular_city, nicolae_volcano_entry_two_sided,
          chequers_serial_rivers_micro_b, minmay_hedge_maze,
          chequers_serial_rivers_room_a, serial_bayou_shore_a,
          grunt_megastairs_2
Lair:5:   cheibrodos_lair_river_kwai, layout_layer_cave, uniq_sonja
Lair:6:   hangedman_lair_tendril_chambers, layout_regular_city,
          minmay_slime_entry_oklob_enclosed
Swamp:1:  layout_basic_swamp, nicolae_swamp_orc_logging_accident
Swamp:2:  layout_falls_marsh, serial_swamp_ruin, evilmike_swamp_ruin_house_3,
          evilmike_swamp_ruin_house_6, evilmike_swamp_ruin_house_1
Swamp:3:  layout_basic_swamp, hangedman_swamp_cone, swamp_pool5,
          st_swamp_ruins_3, uniq_mara
Swamp:4:  swamp_alternative, layout_basic_swamp, uniq_kirke
Spider:1: layout_spider_delve
Spider:2: spiders_nest_a
Spider:3: layout_spider_delve, guppyfry_spider_mini_1, uniq_arachne
Spider:4: grunt_spider_rune_circles, uniq_aizul
Slime:1:  layout_caves
Slime:2:  layout_caves, dissolution_awaits
Orc:1:    layout_caves, basic_altar
Orc:2:    st_orc_mages, layout_caves, serial_shops, shop, minmay_orc_barracks
Elf:1:    layout_gridlike, minmay_elf_crystal_heptagon, minmay_shop_star
Elf:2:    layout_onion_city, hangedman_research_geology
Elf:3:    grunt_elf_hall_diamonds, layout_geoelf_grid
Vaults:1: grunt_vaults_hallway_long, dpeg_vaults_waves, ontoclasm_vaults_tryst,
          vaults_room_stairs_pillars, vaults_room_grid,
          ontoclasm_vaults_misaligned, vaults_standard_mumra_x,
          vaults_room_grunt_arrival_ludios, ontoclasm_vaults_loading_screen,
          nicolae_vaults_alarming, layout_vaults_chaotic_city, serial_shops,
          shop
Vaults:2: nicolae_vaults_little_squares_4, vaults_room_hallway, v_misc_15,
          hangedman_vaults_snaps, ontoclasm_vaults_claustrophobia,
          layout_vaults_omnigrid
Vaults:3: minmay_crypt_entry_necro_gods, v_misc_9, vaults_room_fancy_cross,
          nicolae_vaults_network_barrier, hangedman_vaults_hat,
          vaults_room_pool, nicolae_vaults_murderbox, ontoclasm_vaults_eye,
          layout_vaults_omnicross
Vaults:4: nicolae_vaults_circle_grid_b, v_rooms_1, hangedman_vaults_nodes,
          grunt_vaults_diagonal, v_misc_12, ontoclasm_vaults_idyll,
          vaults_room_grid, v_misc_13, nicolae_vaults_windows_and_doors_thing,
          nicolae_vaults_quadrants, vaults_room_large_hall, v_misc_25,
          nicolae_vaults_diagonal_hallway_8,
          hangedman_vaults_stretched_pinwheel,
          hangedman_vaults_stretched_pinwheel, grunt_vaults_twisty,
          ontoclasm_vaults_hangar, nicolae_vaults_shelves_hall,
          layout_vaults_maze_bifur
Vaults:5
Crypt:1:  layout_misc_corridors, lemuel_statue_altar, grunt_megastairs_5,
          uniq_bai_suzhen, uniq_sojobo
Depths:1: layout_cave_shapes, pf_hell_entry_tar_spiral, minmay_holes,
          hangedman_abyss_or_decor_lesser_grid,
          minmay_guarded_unrand_wrath_of_trog, grunt_megastairs_1

Skill      XL: |  1  2  3  4  5  6  7  8  9 10 11 12 13 14 15 16 17 18 19 20 21 22 23 24 |
---------------+-------------------------------------------------------------------------+-----
Maces & Flails | 3 4 5 6 8 9 10 11 13 14 15 16 17 18 19 20 21 | 21.7
Armour         | 4 5 6 7 8 9 10 11 12 13 14 15 | 15.2
Shields        | 4 5 6 8 10 11 13 14 15 16 17 19 20 21 22 23 24 25 26 | 26.4
Fighting       | 4 5 6 7 8 9 10 11 12 13 14 15 16 17 18 | 18.4
Evocations     | 1 2 3 |  3.0
Invocations    | 1 2 4 5 6 7 8 9 |  9.3
Necromancy     | 1 3 4 |  4.0
Spellcasting   | 1 4 |  4.4
Charms         | 1 4 |  4.3
Conjurations   | 3 |  3.6
Hexes          | 2 |  2.9

Action                   |  1- 3 |  4- 6 |  7- 9 | 10-12 | 13-15 | 16-18 | 19-21 | 22-24 || total
-------------------------+-------+-------+-------+-------+-------+-------+-------+-------++-------
Melee: Flail             |    34 |       |       |       |       |       |       |       ||    34
       Whip              |    76 |   305 |       |       |       |       |       |       ||   381
       Mace              |       |    10 |   352 |   898 |  1661 |  2374 |  2736 |  2648 || 10679
 Cast: Regeneration      |       |       |       |       |       |       |       |     2 ||     2
       Swiftness         |       |       |       |       |       |       |       |     3 ||     3
Invok: Heroism           |       |       |     1 |    18 |    37 |    34 |    37 |    35 ||   162
       Finesse           |       |       |       |     6 |    10 |    18 |    13 |    14 ||    61
 Abil: Evoke Berserk Rag |       |       |       |     5 |     7 |     3 |     6 |     4 ||    25
       Fly               |       |       |       |       |     1 |       |       |       ||     1
       Evoke Blink       |       |       |       |       |       |       |     1 |       ||     1
Evoke: Wand              |       |       |       |       |     2 |     1 |       |       ||     3
  Use: Scroll            |       |     5 |     7 |     3 |    23 |     5 |     9 |    12 ||    64
       Potion            |       |     3 |       |     1 |    11 |     4 |     2 |     8 ||    29
 Stab: Invisible         |       |       |       |       |     1 |       |       |     2 ||     3
       Confused          |       |       |       |       |       |     2 |       |       ||     2
  Eat: Chunk             |       |     7 |    11 |    21 |    30 |    40 |    42 |    28 ||   179
       Ration            |       |       |       |     2 |     5 |     2 |     5 |     6 ||    20
Armor: Scale mail        |    85 |   204 |    58 |   242 |   143 |       |   331 |    57 ||  1120
       Plate armour      |       |       |   177 |   305 |   127 |       |       |       ||   609
       Skin              |       |       |     1 |       |       |       |       |       ||     1
       Chain mail        |       |       |       |       |   486 |  1227 |  1175 |   792 ||  3680
Dodge: Dodged            |    45 |    80 |   121 |   324 |   491 |   680 |   770 |   421 ||  2932
Block: Shield            |    66 |   144 |   222 |   739 |  1167 |  1814 |   288 |       ||  4440
       Large shield      |       |       |       |       |       |       |  3166 |  2712 ||  5878
       Reflection        |       |       |       |       |       |       |     5 |    22 ||    27

Table legend:
 A = Non-vault XP
 B = Vault XP
 C = Vault XP percentage of total XP
 D = Non-vault monster count
 E = Vault monster count
 F = Vault count percentage of total count
                 A         B        C        D         E       F
            +---------+---------+-------+---------+---------+-------
      Total |  477781 |  454585 |  48.8 |    1382 |     645 |  31.8
            +---------+---------+-------+---------+---------+-------
        D:1 |      35 |       0 |   0.0 |      15 |       0 |   0.0
        D:2 |      49 |      68 |  58.1 |      14 |      10 |  41.7
        D:3 |     266 |       2 |   0.7 |      33 |       1 |   2.9
        D:4 |     236 |     232 |  49.6 |      20 |       2 |   9.1
        D:5 |     697 |      91 |  11.5 |      12 |       1 |   7.7
        D:6 |     641 |     223 |  25.8 |      17 |       1 |   5.6
        D:7 |     528 |       0 |   0.0 |      13 |       0 |   0.0
        D:8 |    2313 |    1446 |  38.5 |      31 |       2 |   6.1
        D:9 |     440 |       0 |   0.0 |      13 |       0 |   0.0
       D:10 |    4583 |     401 |   8.0 |      40 |       2 |   4.8
       D:11 |    5688 |    2838 |  33.3 |      41 |      11 |  21.2
       D:12 |    5654 |   16753 |  74.8 |      44 |      47 |  51.6
       D:13 |   10073 |     628 |   5.9 |      44 |       1 |   2.2
       D:14 |    5273 |    3266 |  38.2 |      10 |       5 |  33.3
       D:15 |    9286 |    8493 |  47.8 |      33 |      15 |  31.2
     Lair:1 |    2787 |    2823 |  50.3 |      17 |       7 |  29.2
     Lair:2 |    3813 |    2040 |  34.9 |      15 |       7 |  31.8
     Lair:3 |    3706 |    3282 |  47.0 |      15 |       7 |  31.8
     Lair:4 |    9587 |     157 |   1.6 |      39 |       1 |   2.5
     Lair:5 |    4693 |    1996 |  29.8 |      19 |       7 |  26.9
     Lair:6 |   14990 |   11448 |  43.3 |      50 |      40 |  44.4
    Swamp:1 |   10184 |     978 |   8.8 |      25 |       1 |   3.8
    Swamp:2 |   13198 |     973 |   6.9 |      33 |       1 |   2.9
    Swamp:3 |   14421 |   16388 |  53.2 |      42 |      14 |  25.0
    Swamp:4 |    5555 |   16265 |  74.5 |      22 |      22 |  50.0
   Spider:1 |   21686 |    5233 |  19.4 |      58 |      21 |  26.6
   Spider:2 |   14691 |   14104 |  49.0 |      51 |      41 |  44.6
   Spider:3 |   14186 |    4771 |  25.2 |      40 |      12 |  23.1
   Spider:4 |    5226 |   24408 |  82.4 |      15 |      36 |  70.6
    Slime:1 |    8185 |   14332 |  63.6 |      16 |       1 |   5.9
      Orc:1 |    2619 |       0 |   0.0 |      23 |       0 |   0.0
      Orc:2 |    9000 |    6561 |  42.2 |      70 |      57 |  44.9
      Elf:1 |   26000 |    8683 |  25.0 |      43 |      13 |  23.2
      Elf:2 |   19280 |   28056 |  59.3 |      34 |      40 |  54.1
      Elf:3 |   10186 |   42707 |  80.7 |      16 |      30 |  65.2
   Vaults:1 |   31111 |   14238 |  31.4 |      55 |      17 |  23.6
   Vaults:2 |   22335 |    6538 |  22.6 |      35 |       7 |  16.7
   Vaults:3 |   29820 |   14392 |  32.6 |      53 |      17 |  24.3
   Vaults:4 |   30533 |   81499 |  72.7 |      48 |      73 |  60.3
   Vaults:5 |   39231 |   80968 |  67.4 |      52 |      59 |  53.2
    Crypt:1 |   23946 |   11762 |  32.9 |      45 |       7 |  13.5
   Depths:1 |    3968 |       0 |   0.0 |       5 |       0 |   0.0
    Abyss:1 |   11798 |       0 |   0.0 |      17 |       0 |   0.0
    Abyss:2 |    7435 |       0 |   0.0 |      17 |       0 |   0.0
    Abyss:3 |   17849 |     774 |   4.2 |      32 |       1 |   3.0
    Volcano |       0 |    4768 | 100.0 |       0 |       8 | 100.0
            +---------+---------+-------+---------+---------+-------
